 Dungeon Crawl Stone Soup version 0.28.0-43-g3370ac3207 (webtiles) character file.

Game seed: 18206258619044642705

8 sizableburger the Grasshopper (level 2, 0/19 HPs)
             Began as an Octopode Warper on Mar 11, 2022.
             Frozen to death by an endoplasm (4 damage)
             ... on level 1 of the Dungeon.
             The game lasted 00:00:54 (70 turns).

sizableburger the Grasshopper (Octopode Warper)       Turns: 70, Time: 00:00:55

Health: 0/19       AC:  1    Str: 10    XL:     2   Next: 8%
Magic:  5/5        EV: 13    Int: 15    God:
Gold:   3          SH:  0    Dex: 11    Spells: 5/5 levels left

rFire   . . .      SeeInvis .   a - +0 spear
rCold   . . .      Faith    .   (no shield)
rNeg    . . .      Spirit   .   (helmet restricted)
rPois   .          Reflect  .   (no amulet)
rElec   .          Harm     .   (no ring)
rCorr   .          Rampage  .   (no ring)
Will    .....                   (no ring)
Stlth   ++........              (no ring)
HPRegen 0.06/turn               (no ring)
MPRegen 0.09/turn               (no ring)
                                (no ring)
                                (no ring)

@: no status effects
A: almost no armour, amphibious, 8 rings, camouflage 1, gelatinous body 1,
(nimble swimmer 1), tentacles
a: no special abilities


You were on level 1 of the Dungeon.
You visited 1 branch of the dungeon, and saw 1 of its levels.

You collected 3 gold pieces.

Inventory:

Hand Weapons
 a - a +0 spear (weapon)
Missiles
 c - 5 boomerangs of dispersal (quivered)
Scrolls
 d - a scroll of holy word {unknown}


   Skills:
 + Level 2.1 Fighting
 + Level 2.1 Polearms
 + Level 1.2 Throwing
 + Level 2.4 Dodging
 + Level 2.1 Spellcasting
 + Level 3.1 Translocations


You had 5 spell levels left.
You didn't know any spells.
Your spell library contained the following spells:

 Spells                   Type           Power      Damage    Failure   Level
 Blink                    Tloc           20%        N/A       10%         2
 Gell's Gravitas          Tloc           10%        N/A       19%         3
 Lesser Beckoning         Tloc           10%        N/A       19%         3
 Teleport Other           Tloc           10%        N/A       19%         3
 Manifold Assault         Tloc           10%        N/A       86%         5


Dungeon Overview and Level Annotations

Branches:
Dungeon (1/15)

Altars:


Innate Abilities, Weirdness & Mutations

You cannot wear most types of armour.
You are amphibious.
You can wear up to eight rings at the same time.
Your skin changes colour to match your surroundings (Stealth+).
Your rubbery body absorbs attacks. (AC +1, EV +1)
((You are camouflaged when in or above water. (Stealth+)))
You have tentacles for arms and can constrict up to eight enemies at once.


Message History

Found 11 gold pieces.
The giant cockroach misses you.
The jackal pauses to sniff the ground.
The jackal closely misses you.
Found a green potion.
The jackal bites you.
* * * LOW HITPOINT WARNING * * *
The jackal barely misses you. The jackal barely misses you.
You see here a green potion.
The jackal bites you.
* * * LOW HITPOINT WARNING * * *
The giant cockroach misses you. The jackal closely misses you.
Okay, then.
You aren't carrying any potions.
Okay, then.
The jackal closely misses you. The jackal barely misses you.
You open the door. The jackal closely misses you. The jackal misses you.
There is an open door here.
Okay, then.
Blink to where?
Press: ? - help, Dir - move target
As you read the scroll of blinking, it crumbles to dust.
The endoplasm quivers.
You close the door, pushing everything out of the way.
You see here a giant cockroach corpse.
You barely miss the giant cockroach.
The endoplasm quivers.
You grab the giant cockroach. You constrict the giant cockroach.
The giant cockroach completely misses you.
The endoplasm jiggles.
The giant cockroach barely misses you.
You hit the giant cockroach. You squeeze the giant cockroach.
You kill the giant cockroach!
You hit the endoplasm.
The endoplasm is heavily wounded.
The endoplasm freezes you.
You are frozen.
You die...

. #..## #.# #....# ## ...
#..## ##.# ##...# ...
....######..###..####...##..#
...........Bh..............#
#h...rJ............#
#J###############..#
##.####.#.............#..#
.......r#.............#..#
.#####B.#....h†J@.....#..##
##B#######+#######J..##
#.#.....J.h.....#B...#
#.'⌠.B.B###....⌠'..#....#
#.#......<......#..####.#
#.#..⌠...>...⌠..#.## #
#.###+#######+###.# #.. ..#
... ..g


You could see 2 endoplasms, 2 jackals and 2 giant cockroaches.

Vanquished Creatures
  5 giant cockroaches (D:1)
  A jackal (D:1)
6 creatures vanquished.

Notes
Turn   | Place    | Note
-------+----------+-------------------------------------------
     0 | D:1      | sizableburger the Octopode Warper began the quest for the
                  | Orb.
     0 | D:1      | Reached XP level 1. HP: 14/14 MP: 3/3
     1 | D:1      | Found a runed translucent door.
    26 | D:1      | Reached XP level 2. HP: 14/19 MP: 5/5
    70 | D:1      | Frozen to death by an endoplasm

Illustrated notes

Levels and vault maps discovered:
D:1:      dpeg_arrival_caged_fury, layout_rooms,
          shapermc_ecumenical_altar_mp_ritualfount, serial_shops, shop,
          chequers_serial_rivers_micro_e

Action                   || total
-------------------------++-------
Melee: Spear             ||    19
       Constrict         ||     7
       Tentacles         ||     6
  Use: Scroll            ||     1
Armor: Skin              ||     2
Dodge: Dodged            ||    30
